 Dungeon Crawl Stone Soup version 0.27-a0-1193-g8631133539 (webtiles) character file.

Game seed: 13930673445734015785

146 EnegeticOcto the Covert (level 5, -8/32 HPs)
             Began as a Kobold Delver on May 26, 2021.
             Splashed by Ijyb's acid (14 damage)
             ... on level 3 of the Dungeon.
             The game lasted 00:02:17 (226 turns).

EnegeticOcto the Covert (Kobold Delver)              Turns: 226, Time: 00:02:18

Health: -8/32      AC:  3    Str:  9    XL:     5   Next: 53%
Magic:  5/5        EV: 14    Int: 13    God:
Gold:   11         SH:  0    Dex: 16    Spells: 4/4 levels left

rFire    . . .     SeeInvis .   i - +2 dagger (venom)
rCold    . . .     Faith    .   (shield restricted)
rNeg     . . .     Spirit   .   b - +0 leather armour
rPois    .         Reflect  .   (no helmet)
rElec    .         Harm     .   (no cloak)
rCorr    .         Rampage  .   (no gloves)
Will     .....                  (no boots)
Stlth    +++++.....             (no amulet)
HPRegen  0.10/turn              (no ring)
MPRegen  0.09/turn              (no ring)

@: no status effects
A: small, no large weapons, nightstalker 3
a: no special abilities


You were on level 3 of the Dungeon.
You visited 1 branch of the dungeon, and saw 3 of its levels.

You collected 11 gold pieces.

Inventory:

Hand Weapons
 a - a +0 short sword
 i - a +2 dagger of venom (weapon)
   (You took it off an orc wizard on level 5 of the Dungeon)
Missiles
 j - 5 boomerangs (quivered)
Armour
 b - a +0 leather armour (worn)
Wands
 g - a wand of digging (3) {@v3}
Scrolls
 c - a scroll of fog {!r}
 e - a scroll of fear {!r}
 h - 2 scrolls of identify {unknown}
 k - a scroll of torment {unknown}
Potions
 d - a potion of curing {unknown}
 f - a potion of haste {@q4 !q}
 l - a potion of brilliance {unknown}


   Skills:
 - Level 3.2 Fighting
 + Level 5.3 Short Blades
 - Level 2.4 Dodging
 + Level 8.3 Stealth


You had 4 spell levels left.
You didn't know any spells.
Your spell library contained the following spells:

 Spells                   Type           Power      Damage    Failure   Level
 Magic Dart               Conj           0%         1d3       41%         1
 Blink                    Tloc           N/A        N/A       54%         2
 Call Imp                 Summ           0%         N/A       54%         2
 Slow                     Hex            0%         N/A       54%         2
 Conjure Flame            Conj/Fire      0%         6-21      78%         3
 Mephitic Cloud           Conj/Pois/Air  0%         N/A       78%         3


Dungeon Overview and Level Annotations

Branches:
Dungeon (5/15)
 Temple: D:4-7

Altars:
Makhleb

Annotations:
D:3 Ijyb


Innate Abilities, Weirdness & Mutations

You are small and have problems with some larger weapons.
You are completely attuned to the shadows.


Message History

You stick the gnoll like a pincushion!!!
You kill the gnoll!
The gnoll shouts! x2
Your Short Blades skill increases to level 4!
You see here a scroll labelled HEALEMN CESAAT.
k - a scroll labelled HEALEMN CESAAT The gnoll barely misses you.
You see here a +1 dagger of venom.
Found 17 gold pieces.
You barely miss the gnoll. The gnoll hits you with a +0 club.
You hit the gnoll.
The gnoll is poisoned.
The gnoll is moderately wounded.
You hit the gnoll.
The gnoll looks as sick as possible!
The gnoll is heavily wounded.
The gnoll hits you but does no damage.
You kill the gnoll!
You have reached level 4!
There is an open door here.
You close the door.
You barely miss the gnoll. The gnoll hits you with a +0 spear.
You hit the gnoll.
The gnoll is poisoned.
The gnoll is lightly wounded.
The gnoll misses you.
You closely miss the gnoll.
The gnoll is lightly wounded.
You hit the gnoll.
The gnoll is moderately wounded.
The gnoll hits you with a +0 spear.
The gnoll hits you from afar with a +0 spear!
You kill the gnoll!
Found a stone staircase leading up.
There is a stone staircase leading up here.
You climb upwards.
A hobgoblin comes into view.
There is a stone staircase leading down here.
The helpless hobgoblin fails to defend itself.
You stick the hobgoblin like a pincushion!!!
You kill the hobgoblin!
Really read
d - a scroll of magic mapping {@r5 !r}?
As you read the scroll of magic mapping {@r5 !r}, it crumbles to dust.
You feel aware of your surroundings.
You sensed 2 altars.
You open the door.
Found an inky potion.
There is an open door here.
d - an inky potion
Found 8 gold pieces.
You now have 8 gold pieces.
You open the door.
There is an open door here.
Found a stone staircase leading down.
Found a silvery potion.
An iguana comes into view.
l - a silvery potion
Found a burning altar of Makhleb.
You open the door.
There is an open door here.
You close the door.
You open the door.
There is an open door here.
An ogre comes into view. It is wielding a +0 giant club.
You hit the ogre.
The ogre is poisoned.
The ogre is lightly wounded.
The ogre closely misses you.
You hit the ogre.
The ogre looks as sick as possible!
The ogre is moderately wounded.
The ogre hits you with a +0 giant club.
Found 3 gold pieces.
You kill the ogre!
Your Short Blades skill increases to level 5!
Your Stealth skill increases to level 8!
You have reached level 5!
You feel clever.
Found a stone staircase leading up.
You now have 11 gold pieces (gained 3).
There is a stone staircase leading up here.
You climb upwards.
There is a stone staircase leading down here.
A kobold comes into view. It is wielding a +0 dagger.
Found a paperback book.
Found an escape hatch in the floor.
The helpless kobold fails to defend itself.
You stick the kobold like a pincushion!!!
You kill the kobold!
You see here a +0 dagger.
A hobgoblin comes into view.
The hobgoblin shouts!
You closely miss the hobgoblin. The hobgoblin barely misses you.
You hit the hobgoblin.
The hobgoblin is poisoned.
The hobgoblin is lightly wounded.
The hobgoblin closely misses you.
You kill the hobgoblin!
You pick up a book of Minor Magic and begin reading...
You add the spells Magic Dart, Blink, Call Imp, Slow, Conjure Flame and Mephitic Cloud to your library.
A goblin comes into view. It is wielding a +0 club.
An orc comes into view.
It is wielding a +0 hand axe of flaming.
Ijyb the Twisted Goblin comes into view.
She is wielding a +0 club and carrying a wand of acid (8).
Ijyb shouts!
You hear a shout!
Ijyb zaps a wand.
The bolt of acid hits you!
* * * LOW HITPOINT WARNING * * *
You are splashed with acid!
You die...

## #.##........
#g##.##.##......
.....##.##.#.#.##..
................o...
#.##.##.##.#.#.#....#
# #.#...............
#.##.##.#.#.#....# #
#.................
#.##.##.###.>#.#@.#.
.......>.........g...
#.##.##.#.#.##.#..#.#
# #.##.#.#.##.#..# #
.##†##.#)#... ....
..............
..............
####.##.......
............


You could see Ijyb.

Vanquished Creatures
  An ogre (D:4)
  An orc wizard (D:5)
  3 gnolls (D:5)
  3 orcs (D:5)
  2 hobgoblins
  A kobold (D:3)
11 creatures vanquished.

Notes
Turn   | Place    | Note
-------+----------+-------------------------------------------
     0 | D:5      | EnegeticOcto the Kobold Delver began the quest for the Orb.
     0 | D:5      | Reached XP level 1. HP: 14/14 MP: 1/1
    26 | D:5      | Noticed an orc wizard
    30 | D:5      | Reached skill level 3 in Short Blades
    32 | D:5      | Killed an orc wizard
    33 | D:5      | Reached skill level 7 in Stealth
    33 | D:5      | Reached XP level 2. HP: 19/19 MP: 2/2
    33 | D:5      | Reached XP level 3. HP: 23/23 MP: 3/3
    69 | D:5      | Reached skill level 4 in Short Blades
    85 | D:5      | Reached XP level 4. HP: 23/28 MP: 4/4
   157 | D:4      | Found a burning altar of Makhleb.
   167 | D:4      | Noticed an ogre
   181 | D:4      | Killed an ogre
   182 | D:4      | Reached skill level 5 in Short Blades
   182 | D:4      | Reached skill level 8 in Stealth
   182 | D:4      | Reached XP level 5. HP: 14/32 MP: 5/5
   224 | D:3      | Noticed Ijyb
   226 | D:3      | Splashed by Ijyb's acid

Illustrated notes

Levels and vault maps discovered:
D:3:      layout_basic, overflow_temple_1_default, chequers_hall_statues_y,
          kennysheep_generic_room_3, uniq_ijyb
D:4:      layout_gridville, lemuel_crystal_altar,
          nicolae_gozag_cash_rules_everything_around_me, uniq_natasha
D:5:      layout_basic

Skill      XL: |  1  2  3  4 |
---------------+-------------+-----
Short Blades   | 3 4 5 |  5.3
Stealth        | 7 8 |  8.3
Fighting       | |  3.2
Dodging        | |  2.4

Action                   |  1- 3 |  4- 6 || total
-------------------------+-------+-------++-------
Melee: Short sword       |     3 |       ||     3
       Dagger            |     6 |    10 ||    16
  Use: Scroll            |       |     1 ||     1
 Stab: Sleeping          |     4 |     2 ||     6
Armor: Leather armour    |     1 |       ||     1
Dodge: Dodged            |     2 |     4 ||     6

Table legend: (Time is in decaauts)
 A = Elapsed time spent in this place.
 B = Non-inter-level travel time spent in this place.
 C = Inter-level travel time spent in this place.
 D = Time resting spent in this place.
 E = Time spent auto-exploring this place.
 F = Levels seen in this place.
 G = Mean time per level.
                   A        B        C        D        E       F      G
               +--------+--------+--------+--------+--------+-----+--------+
         Total |    221 |    221 |      0 |      0 |      0 |   3 |   73.7 |
       Dungeon |    221 |    221 |      0 |      0 |      0 |   3 |   73.7 |
               +--------+--------+--------+--------+--------+-----+--------+

Top non-repeatable levels by time:
     D:5: 110 daAuts
     D:4: 75 daAuts
     D:3: 36 daAuts
